 Dungeon Crawl Stone Soup version 0.17-a0-622-g12d63cc (webtiles) character file.

18462 PolkaDot the Bewitcher (level 12, -22/98 HPs)
             Began as a Vampire Enchanter on Apr 11, 2015.
             Was a Priest of Ashenzari.
             Killed from afar by Frances (38 damage)
             ... with an iron shot
             ... on level 12 of the Dungeon on Apr 16, 2015.
             The game lasted 01:05:12 (20906 turns).

PolkaDot the Bewitcher (Vampire Enchanter)         Turns: 20906, Time: 01:05:12

Health: -22/98     AC: 14    Str: 12    XL:     12   Next: 27%
Magic:  3/25       EV: 20    Int: 26    God:    Ashenzari [***...]
Gold:   709        SH:  0    Dex: 20    Spells: 3 memorised, 9 levels left

rFire  . . .     SeeInvis +     q - +4 dagger (protect) (curse)
rCold  + + .     Clarity  .     b - +1 robe (curse)
rNeg   + + +     SustAb   .     (no shield)
rPois  ∞         Gourm    .     d - +2 helmet (curse)
rElec  .         Spirit   .     l - +0 cloak (curse)
rCorr  .         Warding  .     (no gloves)
rMut   .         Stasis   .     i - +1 pair of boots (curse)
MR     +....                    s - amulet of rage
Stlth  ++++++++..               B - ring of magical power (curse)
                                L - ring of invisibility (curse)

@: mighty, brilliant, agile, about to teleport, bloodless, non-regenerating,
somewhat resistant to hostile enchantments, extraordinarily stealthy
A: fangs 3, see invisible, unbreathing
a: Bat Form, Scrying, Renounce Religion, Evoke Berserk Rage, Evoke Invisibility


You were on level 12 of the Dungeon.
You worshipped Ashenzari.
Ashenzari was most pleased with you.
You were bloodless.

You visited 2 branches of the dungeon, and saw 13 of its levels.
You also visited: Ossuary.

You collected 709 gold pieces.

Inventory:

Hand weapons
 q - a cursed +4 dagger of protection (weapon)
Missiles
 h - 4 throwing nets (quivered)
Armour
 b - a cursed +1 robe (worn)
 d - a cursed +2 helmet (worn)
 i - a cursed +1 pair of boots (worn)
 l - a cursed +0 cloak (worn)
 Q - a +1 cloak of magic resistance
 R - a +0 troll leather armour
Jewellery
 s - an amulet of rage (around neck)
 B - a cursed ring of magical power (right hand)
 L - a cursed ring of invisibility (left hand)
Magical devices
 c - a wand of slowing (23)
 t - a wand of magic darts (33)
 y - a wand of hasting (2)
 C - a wand of frost (10)
 E - a wand of random effects (22)
 I - a wand of draining (8)
 J - a wand of cold (4)
 K - a wand of flame (17)
 N - a wand of digging (8)
 O - a wand of lightning (10)
Scrolls
 k - 2 scrolls of enchant weapon
 m - 4 scrolls of amnesia
 n - 4 scrolls of identify
 o - 3 scrolls of magic mapping
 r - 3 scrolls of curse armour
 A - a scroll of torment
 G - 4 scrolls of curse weapon
 M - 2 scrolls of immolation
Potions
 a - 3 potions of flight
 f - 4 potions of curing
 g - 2 potions of haste
 j - 2 potions of blood {@*1}
 u - 3 potions of restore abilities
 w - a potion of cancellation
 x - a potion of mutation {!q}
 D - a potion of ambrosia
Books
 H - a Fen Folio

   Spells                             Type                      Level
   a - Corpse Rot                     Necromancy                   2
   b - Stone Arrow                    Conjuration/Earth            3
   c - Leda's Liquefaction            Hexes/Earth                  4
   d - Summon Forest                  Summoning/Translocation      5
   e - Hydra Form                     Transmutation                6
   f - Summon Hydra                   Summoning                    7


   Skills:
 - Level 10.5 Fighting
 - Level 9.0(11.8) Short Blades
 + Level 2.9(4.5) Dodging
 - Level 11.5(13.1) Stealth
 - Level 2.0 Spellcasting
 - Level 15.1(16.6) Hexes
 - Level 1.2(2.4) Ice Magic
 - Level 6.3(8.2) Evocations


You had 9 spell levels left.
You knew the following spells:

 Your Spells              Type           Power        Failure   Level  Hunger
a - Corona                Hex            #######      0%          1    None
c - Confuse               Hex            #######.     1%          3    ###....
d - Ensorcelled Hibernat  Hex/Ice        ######       1%          2    ##.....


Dungeon Overview and Level Annotations

Branches:
Dungeon (12/15)            Temple (1/1) D:4            Lair (0/8) D:9
    Orc (0/4) D:11

Altars:
Ashenzari
Cheibriados
Dithmenos
Elyvilon
Fedhas
Gozag
Kikubaaqudgha
Makhleb
Nemelex Xobeh
Okawaru
Qazlal
Ru
Sif Muna
Trog
Vehumet
Xom
Yredelemnul
Zin
The Shining One

Shops:
D:5 !   D:8 %

Annotations:
D:12 Frances


Innate Abilities, Weirdness & Mutations

You do not heal naturally.
You are immune to poison.
You have razor-sharp teeth.
You have supernaturally acute eyesight.
You can survive without breathing.


Message History

The shard of ice hits you! You partially resist.
* * * LOW HITPOINT WARNING * * *
You hit Frances.
Frances is lightly wounded.
Frances hits you with a mace of draining!
* * * LOW HITPOINT WARNING * * *
Drink which item? (? for menu, Esc to quit)
You feel much better.
Frances hits you with a mace of draining!!
* * * LOW HITPOINT WARNING * * *
Read which item? (? for menu, Esc to quit)
As you read the scroll of teleportation, it crumbles to dust.
You feel strangely unstable.
Frances hits you with a mace of draining!
* * * LOW HITPOINT WARNING * * *
A vampire mosquito comes into view.
A vampire mosquito comes into view.
Frances chants phrases taken from a devil's mouth.
The iron shot hits you!
You die...

#.. #........# , ,
, #..* #........# ,
..###..* #........#
* .......*
#..#####.# ,*
.y.....########..#
#.# ,
......y...........#
#.# * , *
#...........# #.#
#...@.......# #.#
#...@.......# #.###
* #...........#
#.... ,,
#...........# #....
, #........>..#
#.### #...>.......#
#.# #....$......#
#.# , #...........
#.# #.......... #.#
.....,, * #.#


You could see Frances and a vampire mosquito (wandering).

Vanquished Creatures
  Maud (D:11)
  Josephine (D:10)
  Urug (D:10)
  3 hill giants
  A cyclops (D:11)
  Maurice (D:11)
  2 gargoyles
  Grinder (D:6)
  2 two-headed ogres (D:10)
  3 trolls
  5 wraiths (D:10)
  9 yaks
  Eustachio (D:4)
  2 deep elf magi
  A hungry ghost (D:7)
  2 basilisks (D:9)
  3 hippogriffs (D:8)
  Duvessa (D:5)
  17 water moccasins (D:10)
  A wasp (D:9)
  2 porcupines (D:9)
  2 orc warriors (D:11)
  2 phantoms
  2 ice beasts
  A swamp drake (D:10)
  2 sky beasts
  7 centaurs
  3 crocodiles (D:9)
  2 black bears
  5 ogres
  4 big kobolds
  An elf zombie (Ossuary)
  A giant frog (D:10)
  A gnoll sergeant (D:11)
  A water moccasin zombie (D:6)
  Dowan (D:5)
  2 scorpions
  16 killer bees
  4 electric eels (D:10)
  3 giant frog zombies
  2 centaur zombies
  8 crimson imps
  2 centaur skeletons
  9 orc wizards
  5 hounds
  2 jellies
  6 orc priests
  Ijyb (D:3)
  5 iguanas
  2 quasits
  Jessica (D:3)
  18 worker ants
  A big kobold zombie (Ossuary)
  7 sheep (D:9)
  4 mummies
  Robin (D:2)
  29 adders
  15 gnolls
  2 river rats (D:9)
  2 shadow imps
  6 worms
  An adder skeleton (D:9)
  3 adder zombies
  10 giant geckos
  47 orcs
  8 bats
  A bat zombie (D:6)
  5 giant cockroaches
  54 goblins
  32 hobgoblins
  5 quokkas
  A ball python (D:3)
  A ball python skeleton (D:6)
  A giant gecko skeleton (D:6)
  7 giant newts
  2 goblin zombies (Ossuary)
  11 hobgoblin zombies (Ossuary)
  6 jackals (D:8)
  24 kobolds
  10 kobold zombies (Ossuary)
  6 orc zombies (Ossuary)
  22 rats
  3 rat zombies (Ossuary)
  4 ballistomycetes
512 creatures vanquished.

Vanquished Creatures (others)
  A deep elf mage (D:11)
  2 gnolls (D:11)
  An adder skeleton (D:6)
  A goblin (D:2)
  A hobgoblin (D:11)
  2 giant spores
8 creatures vanquished.

Grand Total: 520 creatures vanquished

Notes
Turn   | Place    | Note
--------------------------------------------------------------
     0 | D:1      | PolkaDot, the Vampire Enchanter, began the quest for the Orb.
     0 | D:1      | Reached XP level 1. HP: 13/13 MP: 3/3
   361 | D:1      | Reached XP level 2. HP: 19/19 MP: 5/5
   365 | D:1      | Learned a level 2 spell: Ensorcelled Hibernation
  1091 | D:1      | Reached skill level 5 in Hexes
  1326 | D:2      | Reached XP level 3. HP: 13/25 MP: 1/6
  1331 | D:2      | Learned a level 3 spell: Confuse
  1679 | D:2      | Reached skill level 1 in Fighting
  1766 | D:2      | Reached skill level 5 in Stealth
  2384 | D:2      | Noticed Robin
  2414 | D:2      | Killed Robin
  2414 | D:2      | Reached skill level 1 in Ice Magic
  2414 | D:2      | Reached XP level 4. HP: 22/32 MP: 7/7
  5632 | D:3      | Noticed Ijyb
  5664 | D:3      | Killed Ijyb
  6361 | D:3      | Reached XP level 5. HP: 35/38 MP: 8/8
  6408 | D:3      | Upgraded the game from 0.17-a0-484-g0e03f6a to 0.17-a0-622-g12d63cc
  6443 | D:3      | Noticed Jessica
  6455 | D:3      | Killed Jessica
  7083 | D:3      | Reached skill level 6 in Hexes
  7380 | D:4      | Noticed Eustachio
  7382 | D:4      | Reached XP level 6. HP: 47/47 MP: 9/9
  7584 | D:4      | Killed Eustachio
  7597 | D:4      | Found a staircase to the Ecumenical Temple.
  7602 | Temple   | Entered the Ecumenical Temple
  7628 | Temple   | Became a worshipper of Ashenzari the Shackled
  7656 | D:4      | Found a sand-covered staircase.
  7664 | Ossuary  | Entered an ossuary
  7778 | Ossuary  | Reached XP level 7. HP: 40/54 MP: 10/10
  7803 | Ossuary  | Reached skill level 7 in Hexes
  9390 | D:4      | Reached skill level 5 in Fighting
  9665 | D:4      | Reached XP level 8. HP: 45/64 MP: 5/11
 10454 | D:5      | Entered Level 5 of the Dungeon
 10511 | D:5      | Reached skill level 8 in Hexes
 10733 | D:5      | Found Xakkeih's Distillery.
 10754 | D:5      | Noticed Duvessa
 10754 | D:5      | Noticed Dowan
 10770 | D:5      | Killed Duvessa
 10774 | D:5      | Killed Dowan
 11408 | D:6      | Reached skill level 9 in Hexes
 11553 | D:6      | Reached XP level 9. HP: 66/72 MP: 12/12
 12187 | D:6      | Noticed Grinder
 12217 | D:6      | Killed Grinder
 12549 | D:7      | Reached skill level 5 in Short Blades
 12682 | D:7      | Reached skill level 10 in Hexes
 13087 | D:7      | Found a shimmering altar of Xom.
 13087 | D:7      | Found a stormy altar of Qazlal.
 13088 | D:7      | Found a sparkling altar of Nemelex Xobeh.
 13091 | D:7      | Found an ancient bone altar of Kikubaaqudgha.
 13094 | D:7      | Found a shadowy altar of Dithmenos.
 13094 | D:7      | Found a white marble altar of Elyvilon.
 13270 | D:8      | Found a sacrificial altar of Ru.
 13504 | D:8      | Reached skill level 11 in Hexes
 13796 | D:8      | Found Jakicape's Food Emporium.
 13927 | D:8      | Reached skill level 10 in Stealth
 14393 | D:8      | Reached XP level 10. HP: 80/80 MP: 13/13
 14700 | D:9      | Reached skill level 12 in Hexes
 14717 | D:9      | Acquired Ashenzari's first power
 15676 | D:9      | Found a staircase to the Lair.
 15904 | D:9      | Reached skill level 13 in Hexes
 16171 | D:9      | Reached skill level 1 in Evocations
 16342 | D:10     | Entered Level 10 of the Dungeon
 16709 | D:10     | Reached XP level 11. HP: 20/86 MP: 14/14
 16780 | D:10     | Reached skill level 14 in Hexes
 16977 | D:10     | Reached skill level 5 in Evocations
 17354 | D:10     | Noticed a hill giant
 17365 | D:10     | Noticed Josephine
 17368 | D:10     | Killed a hill giant
 17386 | D:10     | Killed Josephine
 18048 | D:10     | Noticed Urug
 18060 | D:10     | Killed Urug
 18702 | D:10     | Noticed a hill giant
 18711 | D:10     | Killed a hill giant
 18868 | D:11     | Acquired Ashenzari's second power
 18899 | D:11     | Noticed a hill giant
 18905 | D:11     | Killed a hill giant
 18911 | D:11     | Found a shadowy altar of Dithmenos.
 19342 | D:11     | Found a staircase to the Orcish Mines.
 19528 | D:11     | Noticed Maurice
 19531 | D:11     | Killed Maurice
 19571 | D:11     | Noticed Maud
 19593 | D:11     | Killed Maud
 19593 | D:11     | Reached skill level 10 in Fighting
 19593 | D:11     | Reached XP level 12. HP: 22/98 MP: 16/16
 20563 | D:11     | Reached skill level 15 in Hexes
 20891 | D:12     | Noticed Frances
 20906 | D:12     | Killed from afar by Frances

Action                   |  1- 3 |  4- 6 |  7- 9 | 10-12 || total
-------------------------+-------+-------+-------+-------++-------
Melee: Dagger            |   118 |   152 |   480 |   572 ||  1322
 Cast: Corona            |    10 |       |       |       ||    10
       Ensorcelled Hiber |    12 |    39 |   107 |    95 ||   253
       Confuse           |       |    11 |    19 |    37 ||    67
 Abil: End Transformatio |       |       |     1 |     1 ||     2
       Bat Form          |       |       |     1 |     1 ||     2
       Evoke Invisibilit |       |       |       |    10 ||    10
       Turn Visible      |       |       |       |     8 ||     8
  Use: Potion            |     4 |     4 |       |    11 ||    19
       Scroll            |       |     2 |    16 |    11 ||    29
 Stab: Sleeping          |    14 |    42 |    95 |    83 ||   234
       Confused          |       |     4 |     9 |    19 ||    32
       Distracted        |       |     1 |     1 |     1 ||     3
       Invisible         |       |       |       |    15 ||    15
  Eat: Corpse            |       |       |       |     1 ||     1
